 Dungeon Crawl Stone Soup version 0.29-a0-322-g68df515 (webtiles) character file.

Game seed: 3212496223368440801

6 Toastz the Insei (level 1, 0/13 HPs)
             Began as an Octopode Transmuter on Apr 7, 2022.
             Slain by a quokka (3 damage)
             ... on level 1 of the Dungeon.
             The game lasted 00:00:41 (133 turns).

Toastz the Insei (Octopode Transmuter)               Turns: 133, Time: 00:00:41

Health: 0/13       AC:  1    Str:  9    XL:     1   Next: 90%
Magic:  3/3        EV: 13    Int: 15    God:
Gold:   17         SH:  0    Dex: 12    Spells: 3/4 levels left

rFire   . . .      SeeInvis .     - Unarmed
rCold   . . .      Faith    .   (no shield)
rNeg    . . .      Spirit   .   (helmet restricted)
rPois   .          Reflect  .   (no amulet)
rElec   .          Harm     .   (no ring)
rCorr   .          Rampage  .   (no ring)
Will    .....                   (no ring)
Stlth   ++........              (no ring)
HPRegen 0.04/turn               (no ring)
MPRegen 0.08/turn               (no ring)
                                (no ring)
                                (no ring)

@: no status effects
A: almost no armour, amphibious, 8 rings, camouflage 1, gelatinous body 1,
(nimble swimmer 1), tentacles
a: no special abilities


You were on level 1 of the Dungeon.
You visited 1 branch of the dungeon, and saw 1 of its levels.

You collected 17 gold pieces.

Inventory:

Potions
 a - a potion of lignification


   Skills:
 + Level 1.2 Fighting
 - Level 2.0 Dodging
 * Level 3.3 Unarmed Combat
 - Level 2.0 Spellcasting
 - Level 2.0 Transmutations


You had 3 spell levels left.
You knew the following spells:

 Your Spells              Type           Power      Damage    Failure   Level
a - Beastly Appendage     Tmut           14%        N/A       10%         1

Your spell library contained the following spells:

 Spells                   Type           Power      Damage    Failure   Level
 Wereblood                Tmut           7%         N/A       14%         2
 Spider Form              Tmut/Pois      4%         N/A       41%         3
 Ice Form                 Ice/Tmut       4%         N/A       82%         4


Dungeon Overview and Level Annotations

Branches:
Dungeon (1/15)

Altars:


Innate Abilities, Weirdness & Mutations

You cannot wear most types of armour.
You are amphibious.
You can wear up to eight rings at the same time.
Your skin changes colour to match your surroundings (Stealth+).
Your rubbery body absorbs attacks. (AC +1, EV +1)
((You are camouflaged when in or above water. (Stealth+)))
You have tentacles for arms and can constrict up to eight enemies at once.


Message History

The jackal is severely wounded.
You constrict the jackal. The jackal closely misses you. The jackal bites you.
* * * LOW HITPOINT WARNING * * *
You tentacle-slap the jackal.
You kill the jackal!
The jackal bites you.
* * * LOW HITPOINT WARNING * * *
The jackal closely misses you.
You tentacle-slap the jackal. Your grab misses the jackal.
You pierce the jackal.
The jackal is heavily wounded.
The jackal closely misses you.
You barely miss the jackal. You grab the jackal. You squeeze the jackal.
The jackal is heavily wounded.
You constrict the jackal. The jackal barely misses you.
You tentacle-slap the jackal.
You kill the jackal!
You start resting.
Magic restored.
You start resting.
Your tentacle spike disappears.
A quokka comes into view.
A quokka is nearby!
Items here: ( ) ††.
Found a red potion.
You start resting.
A quokka is nearby!
You tentacle-slap the quokka. You grab the quokka.
The quokka is severely wounded.
You constrict the quokka, but do no damage.
The quokka barely misses you.
You tentacle-slap the quokka but do no damage.
Your squeeze misses the quokka.
The quokka is severely wounded.
You constrict the quokka. The quokka barely misses you.
You barely miss the quokka.
The quokka is almost dead.
You constrict the quokka, but do no damage.
The quokka bites you.
You die...

#..............
#..†....######.
#..............
####.####.....#
############......>.#...
#.......).†r..####....##
..#.....######.......###
........r......#####..
..#####.@.####.# ##.#
###...##.# .. ##.##.#
#.# !# .# .# #


You could see a quokka.

Vanquished Creatures
  A bat (D:1)
  2 jackals (D:1)
  A quokka (D:1)
  A kobold (D:1)
5 creatures vanquished.

Notes
Turn   | Place    | Note
-------+----------+-------------------------------------------
     0 | D:1      | Toastz the Octopode Transmuter began the quest for the Orb.
     0 | D:1      | Reached XP level 1. HP: 13/13 MP: 3/3
   133 | D:1      | Slain by a quokka

Illustrated notes

Levels and vault maps discovered:
D:1:      dpeg_arrival_simpleton_b, layout_rooms

Action                   || total
-------------------------++-------
Melee: Unarmed           ||    16
       Constrict         ||     5
       Kick              ||     3
       Tentacles         ||     2
 Cast: Beastly Appendage ||     2
Armor: Skin              ||     1
Dodge: Dodged            ||    16

Table legend: (Time is in decaauts)
 A = Elapsed time spent in this place.
 B = Non-inter-level travel time spent in this place.
 C = Inter-level travel time spent in this place.
 D = Time resting spent in this place.
 E = Time spent auto-exploring this place.
 F = Levels seen in this place.
 G = Mean time per level.
                   A        B        C        D        E       F      G
               +--------+--------+--------+--------+--------+-----+--------+
         Total |    131 |    131 |      0 |     72 |     27 |   1 |  131.0 |
       Dungeon |    131 |    131 |      0 |     72 |     27 |   1 |  131.0 |
               +--------+--------+--------+--------+--------+-----+--------+

Top non-repeatable levels by time:
     D:1: 131 daAuts
